 Dungeon Crawl Stone Soup version 0.25-a0-403-g49d089a364 (console) character file.

Game seed: 16219473346107741031, levelgen mode: deterministic

54 Ignak the Magician (level 3, 0/26 HPs)
             Began as a Gnoll Wizard on Jan 9, 2020.
             Slain by an adder (3 damage)
             ... on level 2 of the Dungeon.
             The game lasted 00:04:40 (1348 turns).

Ignak the Magician (Gnoll Wizard)                   Turns: 1348, Time: 00:04:41

Health: 0/26       AC:  2    Str: 14    XL:     3   Next: 91%
Magic:  2/11       EV: 14    Int: 21    God:
Gold:   70         SH:  0    Dex: 13    Spells: 5/16 levels left

rFire    . . .     SeeInvis .   a - +0 club
rCold    + . .     Gourm    .   (no shield)
rNeg     . . .     Faith    .   h - +0 robe {rC+}
rPois    .         Spirit   .   b - +0 hat
rElec    .         Reflect  .   (no cloak)
rCorr    .         Harm     .   (no gloves)
MR       .....                  (no boots)
Stlth    +++.......             (no amulet)
HPRegen  0.08/turn              (no ring)
MPRegen  0.12/turn              (no ring)

@: mighty, lethally poisoned (0 -> -10)
A: distributed training, fangs 1, strong nose
a: no special abilities


You were on level 2 of the Dungeon.
You were not hungry.

You visited 1 branch of the dungeon, and saw 3 of its levels.

You collected 70 gold pieces.

Inventory:

Hand Weapons
 a - a +0 club (weapon)
Armour
 b - a +0 hat (worn)
 h - a +0 robe of cold resistance (worn)
 j - a +0 buckler
 n - a +0 helmet
 o - a +0 cloak
Scrolls
 c - a scroll of random uselessness {unknown}
 e - 3 scrolls of remove curse {unknown}
 g - 2 scrolls of identify {unknown}
 i - 2 scrolls of enchant weapon {unknown}
 l - a scroll of teleportation {unknown}
Potions
 k - a potion of curing {unknown}
Comestibles
 d - 2 rations
 m - 2 chunks of flesh


   Skills:
 + Level 1.0 Fighting
 + Level 1.0 Short Blades
 + Level 1.0 Long Blades
 + Level 1.0 Axes
 + Level 1.0 Maces & Flails
 + Level 1.0 Polearms
 + Level 1.0 Staves
 + Level 1.0 Slings
 + Level 1.0 Bows
 + Level 1.0 Crossbows
 + Level 1.0 Throwing
 + Level 1.0 Armour
 + Level 4.6 Dodging
 + Level 4.2 Stealth
 + Level 1.0 Shields
 + Level 1.0 Unarmed Combat
 + Level 7.1 Spellcasting
 + Level 2.1 Conjurations
 + Level 0.7 Hexes
 + Level 0.7 Charms
 + Level 2.1 Summonings
 + Level 0.7 Necromancy
 + Level 2.1 Translocations
 + Level 0.7 Transmutations
 + Level 0.7 Fire Magic
 + Level 0.7 Ice Magic
 + Level 0.7 Air Magic
 + Level 0.7 Earth Magic
 + Level 0.7 Poison Magic
 + Level 1.0 Invocations
 + Level 1.0 Evocations


You had 5 spell levels left.
You knew the following spells:

 Your Spells              Type           Power        Failure   Level  Hunger
a - Magic Dart            Conj           ###.         3%          1    None
b - Blink                 Tloc           N/A          5%          2    None
c - Conjure Flame         Conj/Fire      ##......     14%         3    None
d - Mephitic Cloud        Conj/Pois/Air  ##......     16%         3    None
e - Call Imp              Summ           ###.....     5%          2    None

Your spell library contained the following spells:

 Spells                   Type           Power        Failure   Level  Hunger
 Slow                     Hex            ##......     10%         2    None


Dungeon Overview and Level Annotations

Branches:
Dungeon (3/15)

Altars:


Innate Abilities, Weirdness & Mutations

Your experience applies equally to all skills.
You have very sharp teeth.
Your uncanny sense of smell can sniff out nearby items.


Message History

* * * LOW HITPOINT WARNING * * *
Your crimson imp blinks!
Your crimson imp hits the adder but does no damage.
It was a potion of might.
You feel very mighty all of a sudden.
You feel sick.
The adder closely misses your crimson imp.
The rat bites you.
* * * LOW HITPOINT WARNING * * *
Your crimson imp closely misses the adder.
You barely miss the adder.
The adder is severely wounded.
The adder bites you.
* * * LOW HITPOINT WARNING * * *
You are lethally poisoned!
The adder poisons you! The rat barely misses you.
Your crimson imp blinks!
Your crimson imp barely misses the adder.
The adder bites you.
You die...

. ...
....##########
..........§..#
..#.†>.5†S.#
####†)5.@#
#.....r......
#.....#......
#.§......####
......##..#
####..## #..
##.# ## ..


You could see an adder, a rat and 2 friendly crimson imps.

Vanquished Creatures
  A dart slug (D:1)
  2 leopard geckos
  4 bats (D:1)
  A giant cockroach (D:1)
  3 goblins (D:1)
  A hobgoblin (D:1)
  A kobold (D:1)
  A frilled lizard (D:1)
  3 rats
17 creatures vanquished.

Vanquished Creatures (collateral kills)
  An iguana (D:3)
  A dart slug (D:2)
  2 leopard geckos
  2 ball pythons
  2 giant cockroaches
  4 hobgoblins
  4 jackals (D:1)
  A kobold (D:1)
  2 frilled lizards
  2 rats
21 creatures vanquished.

Grand Total: 38 creatures vanquished

Notes
Turn   | Place    | Note
-------+----------+-------------------------------------------
     0 | D:1      | Ignak the Gnoll Wizard began the quest for the Orb.
     0 | D:1      | Reached XP level 1. HP: 13/13 MP: 8/8
   121 | D:1      | Reached XP level 2. HP: 9/19 MP: 6/10
   129 | D:1      | Learned a level 2 spell: Blink
   132 | D:1      | Learned a level 2 spell: Call Imp
   690 | D:1      | Reached XP level 3. HP: 18/25 MP: 6/11
   849 | D:1      | Learned a level 3 spell: Mephitic Cloud
   853 | D:1      | Learned a level 3 spell: Conjure Flame
  1285 | D:2      | You fall into a shaft and drop 1 floor!
  1307 | D:3      | Reached skill level 1 in Invocations
  1341 | D:2      | Reached skill level 1 in Fighting
  1341 | D:2      | Reached skill level 1 in Short Blades
  1341 | D:2      | Reached skill level 1 in Long Blades
  1341 | D:2      | Reached skill level 1 in Axes
  1341 | D:2      | Reached skill level 1 in Maces & Flails
  1341 | D:2      | Reached skill level 1 in Polearms
  1341 | D:2      | Reached skill level 1 in Staves
  1341 | D:2      | Reached skill level 1 in Slings
  1341 | D:2      | Reached skill level 1 in Bows
  1341 | D:2      | Reached skill level 1 in Crossbows
  1341 | D:2      | Reached skill level 1 in Throwing
  1341 | D:2      | Reached skill level 1 in Armour
  1341 | D:2      | Reached skill level 1 in Shields
  1341 | D:2      | Reached skill level 1 in Unarmed Combat
  1341 | D:2      | Reached skill level 1 in Evocations
  1348 | D:2      | Slain by an adder

Levels and vault maps discovered:
D:1:      psy_arrival_basics, layout_basic, grunt_decor_mini_mirrors,
          minmay_misc_feat_five
D:2:      layout_rooms, lemuel_doored_altar,
          chequers_ecumenical_altar_simple_redux
D:3:      layout_basic

Skill      XL: |  1  2  3 |
---------------+----------+-----
Conjurations   | 2 |  2.1
Summonings     | 2 |  2.1
Translocations | 2 |  2.1
Invocations    | 1 |  1.0
Fighting       | 1 |  1.0
Short Blades   | 1 |  1.0
Long Blades    | 1 |  1.0
Axes           | 1 |  1.0
Maces & Flails | 1 |  1.0
Polearms       | 1 |  1.0
Staves         | 1 |  1.0
Slings         | 1 |  1.0
Bows           | 1 |  1.0
Crossbows      | 1 |  1.0
Throwing       | 1 |  1.0
Armour         | 1 |  1.0
Shields        | 1 |  1.0
Unarmed Combat | 1 |  1.0
Evocations     | 1 |  1.0
Dodging        | |  4.6
Stealth        | |  4.2
Spellcasting   | |  7.1
Hexes          | |  0.7
Charms         | |  0.7
Necromancy     | |  0.7
Transmutations | |  0.7
Fire Magic     | |  0.7
Ice Magic      | |  0.7
Air Magic      | |  0.7
Earth Magic    | |  0.7
Poison Magic   | |  0.7

Action                   || total
-------------------------++-------
Melee: Unarmed           ||     7
       Club              ||    31
       Bite              ||     5
 Cast: Magic Dart        ||    18
       Call Imp          ||    24
  Use: Potion            ||     1
 Stab: Sleeping          ||     3
  Eat: Chunk             ||     1
Armor: Robe              ||    14
Dodge: Dodged            ||    63

Table legend:
 A = Non-vault XP
 B = Vault XP
 C = Vault XP percentage of total XP
 D = Non-vault monster count
 E = Vault monster count
 F = Vault count percentage of total count
                 A         B        C        D         E       F
            +---------+---------+-------+---------+---------+-------
      Total |      78 |       0 |   0.0 |      38 |       0 |   0.0
            +---------+---------+-------+---------+---------+-------
        D:1 |      44 |       0 |   0.0 |      27 |       0 |   0.0
        D:2 |      14 |       0 |   0.0 |       9 |       0 |   0.0
        D:3 |      20 |       0 |   0.0 |       2 |       0 |   0.0
            +---------+---------+-------+---------+---------+-------
